 Dungeon Crawl Stone Soup version 0.25-a0-503-ge281fa6 (webtiles) character file.

Game seed: 17066542431162083561, levelgen mode: deterministic

13822 wolfsongas the Fighter (level 11, -4/108 HPs)
             Began as a Minotaur Fighter on Feb 13, 2020.
             Was a Priest of the Shining One.
             Killed from afar by a deep elf mage (21 damage)
             ... with a bolt of lightning
             ... on level 12 of the Dungeon on Feb 14, 2020.
             The game lasted 00:22:31 (10876 turns).

wolfsongas the Fighter (Minotaur Fighter)          Turns: 10876, Time: 00:22:32

Health: -4/108     AC: 20    Str: 28    XL:     11   Next: 80%
Magic:  10/10      EV:  7    Int: 14    God:    the Shining One [***...]
Gold:   584        SH: 19    Dex: 11    Spells: 10/10 levels left

rFire    + . .     SeeInvis .   r - +1 flail "Ogrebane" {vorpal, rC+ Str+2 Int+2}
rCold    + + .     Gourm    .   c - +1 kite shield
rNeg     + . .     Faith    .   C - +0 plate armour
rPois    .         Spirit   .   e - +2 hat
rElec    .         Reflect  +   y - +0 cloak
rCorr    .         Harm     .   a - +0 pair of gloves
MR       .....                  (no boots)
Stlth    ..........             z - +5 amulet of reflection
HPRegen  0.28/turn              x - ring of protection from cold
MPRegen  0.12/turn              h - ring of Kikacum {rF+ Str+4 Int+6}

@: glowing, lightly drained
A: retaliatory headbutt, horns 2
a: Divine Shield, Renounce Religion


You were on level 12 of the Dungeon.
You worshipped the Shining One.
The Shining One was most pleased with you.
You were not hungry.

You visited 2 branches of the dungeon, and saw 13 of its levels.

You collected 584 gold pieces.

Inventory:

Hand Weapons
 d - a +0 scimitar of flaming
 r - the +1 flail "Ogrebane" (weapon) {vorpal, rC+ Str+2 Int+2}
   (You found it on level 5 of the Dungeon)

   It inflicts extra damage upon your enemies.
   It affects your strength (+2).
   It affects your intelligence (+2).
   It protects you from cold.
 A - the +6 dagger of Amorality {venom, +Blink +Inv rF+++ Dex-4}
   (You found it on level 10 of the Dungeon)

   It poisons the flesh of those it strikes.
   It affects your dexterity (-4).
   It renders you almost immune to fire.
   It lets you turn invisible.
   It lets you blink.
Armour
 a - a +0 pair of gloves (worn)
 c - a +1 kite shield (worn)
 e - a +2 hat (worn)
 y - a +0 cloak (worn)
 C - a +0 plate armour (worn)
Jewellery
 h - the ring of Kikacum (right hand) {rF+ Str+4 Int+6}
   (You took it off an orc on level 8 of the Dungeon)

   [ring of strength]

   It affects your strength (+4).
   It affects your intelligence (+6).
   It protects you from fire.
 x - a ring of protection from cold (left hand)
 z - a +5 amulet of reflection (around neck)
Wands
 u - a wand of digging (9)
 w - a wand of acid (33)
 E - a wand of disintegration (15)
Scrolls
 b - 4 scrolls of remove curse
 i - 2 scrolls of enchant weapon
 j - 2 scrolls of fear
 o - a scroll of magic mapping
 s - 3 scrolls of fog
 v - 2 scrolls of teleportation
Potions
 g - a potion of cancellation
 k - 6 potions of curing
 l - a potion of magic
 m - a potion of resistance
 n - a potion of lignification
 p - a potion of agility
 t - a potion of brilliance {unknown}
 B - a potion of might
Comestibles
 f - 26 rations
 q - 8 chunks of flesh


   Skills:
 + Level 13.6 Fighting
   Level 7.1(8.9) Axes
 * Level 8.2(9.4) Maces & Flails
 + Level 11.2(11.1) Armour
 + Level 11.1 Shields


You had 10 spell levels left.
You didn't know any spells.
Your spell library was empty.

Dungeon Overview and Level Annotations

Branches:
Dungeon (12/15)            Temple (1/1) D:6            Lair (0/6) D:10
    Orc: D:9-12

Altars:
Ashenzari
Cheibriados
Dithmenos
Elyvilon
Fedhas
Gozag
Hepliaklqana
Kikubaaqudgha
Makhleb
Nemelex Xobeh
Okawaru
Qazlal
Ru
Sif Muna
Trog
Uskayaw
Vehumet
Wu Jian
Xom
Yredelemnul
Zin
The Shining One
Lugonu


Innate Abilities, Weirdness & Mutations

You reflexively headbutt those who attack you in melee.
You have a pair of horns on your head.


Message History

You are too injured to fight recklessly!
You are too injured to fight recklessly!
You sock the deep elf mage!
The deep elf mage is severely wounded.
The deep elf mage gestures wildly while chanting.
The deep elf mage blinks!
The deep elf mage casts a spell.
The deep elf mage blinks!
The deep elf mage hits you but does no damage.
There is an open door here.
You barely miss the deep elf mage.
The deep elf mage is severely wounded.
You block the deep elf mage's attack.
You hit the deep elf mage.
The deep elf mage is almost dead.
The deep elf mage points at you and mumbles some strange words.
The bolt of lightning hits you!!
* * * LOW HITPOINT WARNING * * *
The bolt of lightning hits you!!
You die...

#..............#
#########)....##
##....# ####
##[....## ####..#
##........#
#..#⌠.####..........
#..+...#............
+..#⌠...............
#..@e.....#......###
#..#⌠....###.....#
####....## ......#
###..# .##.## #.##
## .# #.# #.#


You could see a deep elf mage.

Vanquished Creatures
  A hydra (D:11)
  Harold (D:10)
  A centaur warrior (D:8)
  Erica (D:8)
  2 two-headed ogres
  A vampire mage (D:12)
  A wizard (D:10)
  2 orc knights (D:10)
  Pikel (D:8)
  A black mamba (shapeshifter) (D:8)
  A gargoyle (D:11)
  A meliai (shapeshifter) (D:8)
  A slime creature (D:11)
  4 yaks
  A steam dragon (D:9)
  2 soldier ants (D:8)
  3 orc warriors
  3 sky beasts
  2 phantoms
  2 ice beasts
  3 ogres
  6 centaurs
  A big kobold (D:8)
  9 bullfrogs
  A water moccasin zombie (D:9)
  3 scorpions
  8 wights
  7 howler monkeys
  7 crimson imps
  2 bullfrog zombies
  A centaur zombie (D:5)
  4 hounds
  A jelly (D:8)
  8 orc priests
  2 centaur skeletons
  3 bullfrog skeletons
  5 iguanas
  Natasha (twice) (D:2)
  21 orc wizards
  10 worker ants
  A hound skeleton (D:5)
  11 adders
  6 gnolls
  A howler monkey skeleton (D:8)
  An adder zombie (D:6)
  3 adder skeletons
  3 worms (D:2)
  A dart slug (D:1)
  7 leopard geckos
  46 orcs
  5 giant cockroaches
  14 hobgoblins
  7 jackals
  5 quokkas
  A ball python skeleton (D:4)
  6 bats
  5 frilled lizards
  2 goblins
  A jackal skeleton (D:4)
  A jackal zombie (D:9)
  7 kobolds
  A leopard gecko skeleton (D:9)
  5 rats
276 creatures vanquished.

Vanquished Creatures (others)
  3 slaves (D:8)
  A centaur (D:11)
  An orc wizard (D:8)
  An orc (D:8)
6 creatures vanquished.

Grand Total: 282 creatures vanquished

Notes
Turn   | Place    | Note
-------+----------+-------------------------------------------
     0 | D:1      | wolfsongas the Minotaur Fighter began the quest for the
                  | Orb.
     0 | D:1      | Reached XP level 1. HP: 19/19 MP: 0/0
   156 | D:1      | Reached XP level 2. HP: 26/27 MP: 1/1
   454 | D:1      | Found a sparkling altar of Nemelex Xobeh.
   534 | D:1      | Reached skill level 4 in Fighting
   905 | D:2      | Reached XP level 3. HP: 33/33 MP: 2/2
  1397 | D:2      | Noticed Natasha
  1404 | D:2      | Killed Natasha
  1404 | D:2      | Reached XP level 4. HP: 41/41 MP: 3/3
  1493 | D:2      | Reached skill level 5 in Fighting
  1726 | D:2      | Noticed Natasha
  1736 | D:2      | Killed Natasha
  1759 | D:3      | You fall into a shaft and drop 2 floors!
  1759 | D:5      | Entered Level 5 of the Dungeon
  1805 | D:4      | Reached XP level 5. HP: 42/48 MP: 4/4
  1824 | D:4      | Reached skill level 6 in Fighting
  1834 | D:4      | Reached XP level 6. HP: 40/58 MP: 5/5
  2116 | D:4      | Reached skill level 7 in Fighting
  2117 | D:4      | Reached skill level 5 in Axes
  2648 | D:4      | Found a white marble altar of Elyvilon.
  3145 | D:3      | Found a basalt altar of Yredelemnul.
  3154 | D:3      | Found a burning altar of Makhleb.
  3178 | D:3      | Found a stormy altar of Qazlal.
  3317 | D:3      | Reached XP level 7. HP: 62/67 MP: 6/6
  3603 | D:5      | Reached skill level 8 in Fighting
  3797 | D:5      | Reached skill level 9 in Fighting
  4123 | D:5      | Reached XP level 8. HP: 49/78 MP: 7/7
  4604 | D:5      | Got a smoking flail
  4605 | D:5      | Identified the +1 flail "Ogrebane" {vorpal, rC+ Str+2
                  | Int+2} (You found it on level 5 of the Dungeon)
  4949 | D:6      | Reached skill level 10 in Fighting
  4980 | D:6      | Found a staircase to the Ecumenical Temple.
  4996 | Temple   | Entered the Ecumenical Temple
  5050 | Temple   | Became a worshipper of the Shining One
  5106 | D:6      | Reached skill level 5 in Armour
  5106 | D:6      | Reached skill level 5 in Shields
  5168 | D:6      | Found a shimmering blue altar of Sif Muna.
  5464 | D:6      | Noticed a gargoyle
  5664 | D:7      | Reached XP level 9. HP: 74/86 MP: 8/8
  5705 | D:7      | Found a sparkling altar of Nemelex Xobeh.
  6316 | D:8      | Reached skill level 11 in Fighting
  6605 | D:8      | Noticed Erica
  6612 | D:8      | Killed Erica
  7000 | D:8      | Reached * piety under the Shining One
  7107 | D:8      | Found a large runed translucent door.
  7107 | D:8      | Found a large runed translucent door.
  7139 | D:8      | Noticed a centaur warrior
  7147 | D:8      | Killed a centaur warrior
  7147 | D:8      | Reached skill level 12 in Fighting
  7147 | D:8      | Reached XP level 10. HP: 91/97 MP: 9/9
  7171 | D:8      | Noticed a black mamba
  7171 | D:8      | a rime drake changed into a black mamba
  7177 | D:8      | Killed a black mamba
  7178 | D:8      | Found a large runed translucent door.
  7178 | D:8      | Found a large runed translucent door.
  7329 | D:8      | Identified the ring of Kikacum {rF+ Str+4 Int+6}
  7490 | D:8      | Found an opulent altar of Gozag.
  7491 | D:8      | Noticed Pikel
  7499 | D:8      | Killed Pikel
  7546 | D:8      | You fall into a shaft and drop 2 floors!
  7546 | D:10     | Entered Level 10 of the Dungeon
  7767 | D:9      | Reached ** piety under the Shining One
  8138 | D:9      | Found a hazy altar of Hepliaklqana.
  8377 | D:9      | Reached skill level 1 in Maces & Flails
  8638 | D:9      | Found an iron altar of Okawaru.
  8643 | D:9      | Found a blossoming altar of Fedhas.
  8643 | D:9      | Found a shattered altar of Ashenzari.
  8643 | D:9      | Found a radiant altar of Vehumet.
  8675 | D:9      | Found a hide-covered altar of Uskayaw.
  8679 | D:9      | Found a shadowy altar of Dithmenos.
  9095 | D:10     | Found a staircase to the Lair.
  9143 | D:10     | Noticed an orc knight
  9144 | D:10     | Noticed a wizard
  9172 | D:10     | Killed an orc knight
  9172 | D:10     | Reached skill level 10 in Armour
  9172 | D:10     | Reached skill level 10 in Shields
  9215 | D:10     | Killed a wizard
  9230 | D:10     | Noticed Harold
  9244 | D:10     | Noticed a +2 triple sword
  9268 | D:10     | Killed Harold
  9268 | D:10     | Reached skill level 13 in Fighting
  9268 | D:10     | Reached XP level 11. HP: 34/107 MP: 10/10
  9268 | D:10     | Noticed an orc knight
  9282 | D:10     | Killed an orc knight
  9282 | D:10     | Reached skill level 5 in Maces & Flails
  9735 | D:10     | Got a warped dagger
  9899 | D:10     | Found a burning altar of Makhleb.
 10225 | D:11     | Reached *** piety under the Shining One
 10473 | D:11     | Noticed a two-headed ogre
 10479 | D:11     | Killed a two-headed ogre
 10637 | D:11     | Noticed an eight-headed hydra
 10652 | D:11     | Killed a four-headed hydra
 10802 | D:12     | Identified the +6 dagger of Amorality {venom, +Blink +Inv
                  | rF+++ Dex-4} (You found it on level 10 of the Dungeon)
 10820 | D:12     | Noticed a two-headed ogre
 10827 | D:12     | Killed a two-headed ogre
 10834 | D:12     | Noticed a vampire mage
 10850 | D:12     | Noticed a shadow wraith
 10854 | D:12     | Killed a vampire mage
 10868 | D:12     | Noticed a deep elf mage
 10876 | D:12     | Killed from afar by a deep elf mage

Levels and vault maps discovered:
D:1:      dpeg_arrival_concentric_ovals, layout_basic, hangedman_glass_teeth,
          st_stairs_9, nemelex_diamond_rough_becter
D:2:      layout_basic, uniq_natasha
D:3:      layout_basic, lemuel_crystal_altar, nicolae_overflow_hidden_temple,
          first_ration
D:4:      layout_layer_cave, kennysheep_mini, grunt_tough_drop
D:5:      layout_basic, hex_tiny
D:6:      layout_rooms, lemuel_crystal_altar,
          minmay_temple_entry_gardened_gates, lightli_corner_chamber
D:7:      layout_loops_ring, nemelex_xobeh_ov_fountains_minmay,
          minmay_misc_feat_tower
D:8:      layout_basic, lemuel_round_altar, hangedman_pestilent_swarm,
          minmay_hollow_rounded_squares, uniq_erica, uniq_pikel
D:9:      layout_basic, nicolae_overflow_crystal_walls,
          minmay_overflow_temple_hex
D:10:     layout_basic, lair_entry_dummy, basic_altar, grunt_ministairs_4,
          sword_in_stone
D:11:     cheibrodos_helix_gallery, layout_small_grid
D:12:     evilmike_library_of_no_secrets, layout_layer_cave, david_orc_5
Temple:   corrupted_temple

Skill      XL: |  1  2  3  4  5  6  7  8  9 10 11 |
---------------+----------------------------------+-----
Armour         | 4 6 8 10 11 | 11.2
Shields        | 4 6 8 10 11 | 11.1
Fighting       | 4 5 6 7 9 10 12 13 | 13.6
Axes           | 3 4 5 6 7 |  7.1
Maces & Flails | 4 8 |  8.2

Action                   |  1- 3 |  4- 6 |  7- 9 | 10-12 || total
-------------------------+-------+-------+-------+-------++-------
Melee: War axe           |    80 |   101 |    86 |       ||   267
       Headbutt          |    11 |    22 |    61 |    60 ||   154
       Flail             |       |       |   250 |   280 ||   530
       Scimitar          |       |       |       |     9 ||     9
Invok: Divine Shield     |       |       |       |     2 ||     2
Evoke: Wand              |       |       |       |     6 ||     6
  Use: Scroll            |     4 |     5 |     7 |     5 ||    21
       Potion            |     2 |     5 |       |     3 ||    10
  Eat: Chunk             |     2 |     3 |     5 |     6 ||    16
       Ration            |       |     1 |     2 |     3 ||     6
Armor: Scale mail        |    44 |    56 |       |       ||   100
       Chain mail        |       |    17 |   214 |    56 ||   287
       Plate armour      |       |       |       |    65 ||    65
Dodge: Dodged            |    19 |    26 |    82 |    67 ||   194
Block: Kite shield       |    47 |    65 |   215 |   230 ||   557
       Reflection        |       |       |       |     7 ||     7

Table legend:
 A = Non-vault XP
 B = Vault XP
 C = Vault XP percentage of total XP
 D = Non-vault monster count
 E = Vault monster count
 F = Vault count percentage of total count
                 A         B        C        D         E       F
            +---------+---------+-------+---------+---------+-------
      Total |   11466 |    8280 |  41.9 |     242 |      35 |  12.6
            +---------+---------+-------+---------+---------+-------
        D:1 |      33 |       5 |  13.2 |      17 |       3 |  15.0
        D:2 |      85 |      35 |  29.2 |      18 |       1 |   5.3
        D:3 |      72 |       0 |   0.0 |      18 |       0 |   0.0
        D:4 |     468 |      56 |  10.7 |      32 |       4 |  11.1
        D:5 |     785 |       0 |   0.0 |      20 |       0 |   0.0
        D:6 |    1143 |       0 |   0.0 |      29 |       0 |   0.0
        D:7 |     356 |       0 |   0.0 |      18 |       0 |   0.0
        D:8 |    1153 |    3947 |  77.4 |      29 |      19 |  39.6
        D:9 |    1006 |       0 |   0.0 |      23 |       0 |   0.0
       D:10 |    1295 |    3011 |  69.9 |      13 |       5 |  27.8
       D:11 |    4110 |     392 |   8.7 |      23 |       2 |   8.0
       D:12 |     960 |     834 |  46.5 |       2 |       1 |  33.3
            +---------+---------+-------+---------+---------+-------
